Map: [ESL] Ghost River

Players

YoungYakov

  • Race: Zerg Zerg
  • Spawn Location: 11:00

Reynor - Winner!

  • Race: Zerg Zerg
  • Spawn Location: 1:00

Event: ESL SC2 Masters 2024 Spring (Regional)

VOD

Have the link to the VOD?

Description

Time

  • Played on: April 12, 2024, 9:29 a.m.
  • Length: 8:11

All games in this series

Show
View Real Time Build Order
Export as new Build Order

YoungYakov Zerg 

Build Orders: Hatch First 

Get SALT Encoding   

  12  0:00  Drone  
  13  0:12  Overlord  
  13  0:17  Drone  
  14  0:30  Drone x2  
  16  0:47  Hatchery  
  15  0:50  Drone  
  15  0:54  Drone  
  17  0:57  Drone  
  18  1:08  Extractor  
  17  1:12  Spawning Pool  
  17  1:16  Drone  
  17  1:19  Drone  
  18  1:28  Drone  
  19  1:38  Drone  
  20  1:49  Drone  
  21  1:59  Overlord  
  21  2:00  Queen x2  
  25  2:02  Drone  
  26  2:10  Drone  
  26  2:13  Drone  
  28  2:20  Hatchery  
  28  2:22  Zergling x2  
  28  2:25  Drone  
  29  2:32  Drone  
  29  2:33  Drone  
  31  2:37  Queen  
  31  2:43  Overlord  
  33  2:44  Drone  
  34  2:55  Drone x2  
  34  2:56  Evolution Chamber  
  35  3:03  Queen  
  36  3:06  Drone x2  
  36  3:08  Drone x2  
  40  3:13  Drone x2  
  40  3:15  Overlord  
  40  3:18  Drone  
  43  3:22  Extractor  
  43  3:23  Zerg Missile Weapons Level 1  
  43  3:27  Drone x2  
  44  3:34  Roach Warren  
  44  3:37  Extractor  
  44  3:39  Drone x3  
  45  3:43  Drone  
  45  3:44  Drone x2  
  48  3:52  Drone x4  
  48  3:55  Overlord  
  52  4:06  Evolution Chamber  
  52  4:08  Spine Crawler  
  50  4:14  Roach x2  
  50  4:15  Roach x2  
  58  4:17  Lair  
  58  4:21  Roach x2  
  62  4:26  Overlord  
  62  4:27  Overlord  
  62  4:30  Roach  
  64  4:32  Roach  
  66  4:40  Overlord  
  66  4:49  Roach x5  
  66  4:50  Overlord  
  76  4:54  Overlord  
  76  4:56  Overlord  
  76  5:01  Zerg Ground Armor Level 1  
  76  5:04  Drone  
  76  5:05  Drone  
  78  5:08  Drone x2  
  78  5:13  Drone x2  
  78  5:14  Glial Reconstitution  
  82  5:15  Overseer  
  82  5:21  Roach x2  
  86  5:23  Drone  
  86  5:24  Drone  
  86  5:25  Drone  
  89  5:28  Drone  
  89  5:29  Drone x2  
  89  5:31  Drone  
  89  5:34  Zerg Missile Weapons Level 2  
  93  5:37  Drone x2  
  95  5:43  Drone x4  
  95  5:45  Overlord  
  95  5:48  Overlord  
  99  5:51  Overlord  
  99  5:54  Roach x2, Extractor  
  99  5:56  Extractor  
  101  5:57  Overlord  
  101  6:00  Roach x2  
  105  6:04  Roach x2  
  105  6:08  Roach x2  
  105  6:11  Drone x3  
  115  6:15  Roach x2  
  115  6:17  Overlord  
  120  6:21  Roach x2  
  120  6:23  Roach x2  
  128  6:26  Overlord  
  128  6:29  Overlord  
  128  6:30  Overlord  
  128  6:35  Roach  
  128  6:38  Overlord x3  
  130  6:42  Overlord  
  130  6:46  Roach  
  130  6:47  Roach x3  
  138  6:50  Roach  
  138  6:53  Roach  
  138  6:54  Roach x2, Ravager  
  146  6:55  Ravager  
  146  7:00  Overseer  
  150  7:01  Roach  
  150  7:02  Overlord  
  150  7:04  Extractor  
  150  7:05  Roach x2  
  150  7:06  Roach  
  155  7:09  Drone x3  
  155  7:13  Pneumatized Carapace  
  158  7:18  Hatchery  
  158  7:20  Roach  
  159  7:27  Roach x4  
  167  7:30  Overlord  
  163  7:44  Roach x5  
  163  7:49  Roach x4  
  151  7:51  Roach x2  
Show
View Real Time Build Order
Export as new Build Order

Reynor Zerg - Winner!

Build Orders: Hatch First 

Get SALT Encoding   

  12  0:00  Drone  
  13  0:10  Drone  
  14  0:15  Extractor  
  14  0:16  Drone  
  15  0:40  Hatchery  
  14  0:43  Extractor  
  14  0:44  Drone  
  15  0:50  Overlord  
  15  1:04  Spawning Pool  
  15  1:08  Drone  
  15  1:11  Drone  
  15  1:16  Drone  
  17  1:19  Drone  
  18  1:30  Drone, Extractor  
  18  1:41  Drone  
  19  1:51  Queen  
  19  1:52  Drone x2, Queen  
  25  2:03  Overlord, Drone  
  26  2:13  Drone  
  26  2:15  Drone  
  28  2:24  Drone x2  
  28  2:27  Queen x2  
  34  2:34  Overlord  
  34  2:37  Overlord  
  34  2:45  Drone  
  34  2:46  Drone  
  36  2:54  Evolution Chamber  
  36  2:56  Drone  
  36  2:57  Drone  
  37  3:02  Overlord, Drone x2  
  39  3:06  Drone x2  
  39  3:10  Roach Warren  
  40  3:13  Drone  
  40  3:15  Drone  
  42  3:21  Zerg Missile Weapons Level 1  
  42  3:24  Drone x2  
  42  3:25  Extractor  
  43  3:30  Drone  
  43  3:33  Drone x2  
  46  3:36  Drone  
  46  3:37  Overlord, Drone  
  48  3:51  Roach x4  
  48  3:52  Roach  
  58  3:56  Roach  
  60  4:06  Drone  
  60  4:07  Drone x2, Hatchery  
  62  4:10  Extractor  
  62  4:12  Extractor  
  62  4:13  Lair  
  60  4:17  Overlord  
  60  4:19  Drone  
  60  4:20  Drone  
  60  4:23  Drone x2  
  64  4:26  Drone  
  65  4:31  Overlord  
  65  4:33  Drone  
  66  4:41  Roach x4  
  74  4:50  Overlord  
  74  4:55  Roach x4  
  82  5:03  Overlord  
  82  5:08  Roach  
  82  5:11  Glial Reconstitution  
  82  5:13  Roach  
  86  5:15  Roach x2  
  86  5:17  Zerg Missile Weapons Level 2  
  86  5:20  Drone x5  
  95  5:23  Drone  
  95  5:26  Drone  
  97  5:30  Overlord  
  97  5:31  Drone  
  98  5:37  Drone  
  98  5:41  Overlord  
  99  5:43  Drone  
  99  5:44  Drone  
  99  5:48  Drone x5  
  106  5:50  Overlord  
  106  5:54  Ravager x4  
  110  5:57  Overlord, Extractor  
  109  6:06  Roach x5  
  109  6:10  Overlord  
  119  6:16  Roach  
  127  6:18  Roach x4  
  127  6:21  Overlord  
  127  6:22  Roach  
  127  6:23  Roach x2  
  127  6:24  Overlord  
  135  6:28  Roach x2  
  135  6:30  Roach  
  135  6:31  Roach  
  143  6:34  Overlord  
  143  6:41  Roach x2  
  143  6:43  Overlord  
  147  6:49  Roach, Ravager x2  
  147  6:50  Roach x2  
  147  6:51  Roach x3  
  147  6:53  Roach  
  163  6:55  Overlord  
  163  6:57  Roach  
  163  6:58  Roach  
  167  7:03  Roach x2  
  167  7:07  Overlord  
  167  7:08  Roach x2  
  175  7:16  Roach  
  175  7:17  Roach  
  175  7:19  Roach x3  
  185  7:23  Overlord  
  185  7:26  Roach x3  
  191  7:31  Roach  
  191  7:34  Overlord  
  193  7:42  Roach x5  
  191  7:45  Roach  
  191  7:47  Roach  
  191  7:48  Roach x2  
  191  7:50  Roach x3  
Tags
 
Add a new tag
Caveats
  • Supply blocks, unpowered buildings, or Contaminate may cause inaccurate times.
  • Supply counts are checked every 10 seconds.